 Dungeon Crawl Stone Soup version 0.32-a0-673-g3729bd50f8 (webtiles) character file.

Game seed: 18401232274365192448

6109 mrw0lf the Grappler (level 10, -8/102 HPs)
             Began as a Troll Fighter on Mar 10, 2024.
             Was a High Priest of Okawaru.
             Mangled by Harold
             ... wielding a +0 flail of holy wrath
              (22 damage)
             ... on level 10 of the Dungeon.
             The game lasted 00:14:29 (7567 turns).

mrw0lf the Grappler (Troll Fighter)                 Turns: 7567, Time: 00:14:30

Health: -8/102     AC:  8    Str: 30    XL:     10   Next: 58%
Magic:  12/13      EV:  9    Int:  4    God:    Okawaru [*****.]
Gold:   472        SH:  7    Dex:  9    Spells: 9/9 levels left

rFire   . .          .
                       - Unarmed
rCold   . . .        b - +0 kite shield
rNeg    . . .        y - +0 steam dragon scales
rPois   .            (helmet restricted)
rElec   .            h - +0 cloak
rCorr   .            (gloves unavailable)
SInv    .            (boots unavailable)
Will    .....        (no amulet)
Stlth   +            (no ring)
HPRegen 1.17/turn    (no ring)
MPRegen 0.13/turn

%: no passive effects
@: no status effects
A: large, unfitting armour, claws 3, regeneration 1, shaggy fur 1, tough skin 1
a: Renounce Religion, Heroism, Finesse, Duel


You were on level 10 of the Dungeon.
You worshipped Okawaru.
Okawaru was extremely pleased with you.
You visited 2 branches of the dungeon, and saw 11 of its levels.

You collected 472 gold pieces.

Inventory:

Missiles
 n - 11 boomerangs
 r - 16 poisoned darts
 u - 3 curare-tipped darts (quivered)
 w - 5 javelins
 A - a large rock
Armour
 b - a +0 kite shield (worn)
 h - a +0 cloak (worn)
 y - +0 steam dragon scales (worn)
Magical Staves
 o - a staff of fire
Jewellery
 F - a ring of protection from fire
Wands
 B - a wand of warping (5)
Scrolls
 a - a scroll of immolation {unknown}
 c - 3 scrolls of enchant weapon {unknown}
 e - a scroll of amnesia {unknown}
 i - 4 scrolls of poison {unknown}
 j - a scroll of revelation {unknown}
 k - 5 scrolls of teleportation {unknown}
 l - a scroll of fear {unknown}
 m - a scroll of brand weapon {unknown}
 p - 2 scrolls of fog {unknown}
 t - 3 scrolls of vulnerability {unknown}
 v - 5 scrolls of identify {unknown}
Potions
 d - 3 potions of might
 f - 6 potions of degeneration {unknown}
 g - 2 potions of brilliance {unknown}
 q - a potion of enlightenment {unknown}
 s - 3 potions of haste {unknown}
 x - 4 potions of heal wounds {unknown}
 z - a potion of cancellation {unknown}


   Skills:
 + Level 7.4 Fighting
 + Level 2.2 Throwing
 + Level 3.2 Dodging
 - Level 2.6 Shields
 * Level 11.8 Unarmed Combat
 * Level 5.4 Invocations


You had 9 spell levels left.
You didn't know any spells.
Your spell library contained the following spells:

 Spells                   Type           Power      Damage    Failure   Level
 Alistair's Intoxication  Alch           0%         N/A       100%        5
 Borgnjor's Vile Clutch   Necr/Erth      0%         N/A       100%        5
 Eringya's Noxious Bog    Alch           0%         4d6       100%        6


Dungeon Overview and Level Annotations

Branches:
Dungeon (10/15)            Temple (1/1) D:4
   Lair: D:8-11         Orc: D:9-12

Altars:
Ashenzari
Cheibriados
Dithmenos
Elyvilon
Fedhas
Gozag
Hepliaklqana
Kikubaaqudgha
Makhleb
Nemelex Xobeh
Okawaru
Qazlal
Ru
Sif Muna
Trog
Uskayaw
Vehumet
Wu Jian
Xom
Yredelemnul
Zin
The Shining One
Beogh

Shops:
D:6 *

Annotations:
D:4 exclusion: downstairs
D:5 2 transporters
D:6 Jeremiah
D:9 3 runed translucent doors, Sapher's ghost, amateur SpDe
D:10 Harold


Innate Abilities, Weirdness & Mutations

You are too large for most types of armour.
You have claws for hands.
Your natural rate of healing is unusually fast.
You are covered in fur. (AC +1)
You have tough skin. (AC +1)


Message History

You claw the arcanist!
The arcanist is heavily wounded.
The arcanist hits you with a +0 long sword!
You take 9 damage, and have 80/102 hp.
You claw the arcanist!
The arcanist is almost dead.
You scratch Harold.
Harold is lightly wounded.
The arcanist hits you with a +0 long sword.
Harold hits you with a +0 flail of holy wrath.
You take 6 damage, and have 75/102 hp.
You claw the arcanist!
You kill the arcanist!
Okawaru is honoured by your kill. Harold completely misses you.
Your Throwing skill increases to level 2!
You block Harold's attack.
Items here: ) [[ †.
You scratch Harold but do no damage.
Harold is lightly wounded.
You claw Harold!
Harold is lightly wounded.
A deep elf knight comes into view. It is wielding a +0 short sword.
You block Harold's attack.
You scratch Harold but do no damage.
Harold is lightly wounded.
Harold hits you with a +0 flail of holy wrath!
You take 5 damage, and have 74/102 hp.
You mangle Harold!!
Harold is heavily wounded.
The deep elf knight casts a spell at you.
The shard of ice hits you!!!
Harold hits you with a +0 flail of holy wrath!!
* * * LOW HITPOINT WARNING * * *
You take 61 damage, and have 13/102 hp.
MASSIVE DAMAGE!!
You mangle Harold!!
Harold is severely wounded.
Harold hits you with a +0 flail of holy wrath!!
You die...
Harold says, "Can't wait to tell my little ones about this."

#########
###.......##
.#......e...#
...#..###.@.#
......#(#@..#
......###...#
............#
............#
.......####.#
........###.#
............#
..........###


You could see Harold, a deep elf knight and a +4 demon blade.

Vanquished Creatures
  A two-headed ogre (D:9)
  An arcanist (D:10)
  A troll (D:5)
  6 yaks (D:9)
  A wyvern (D:9)
  Eustachio (D:6)
  2 steam dragons (D:8)
  A water moccasin (D:6)
  5 orc warriors
  An ice beast (D:5)
  A sky beast (D:4)
  3 ogres
  A centaur (D:5)
  3 phantoms
  2 kobold brigands (D:8)
  2 bullfrogs
  9 killer bees (D:8)
  6 howler monkeys
  2 hounds (D:4)
  7 orc priests
  A bombardier beetle (D:5)
  A gnoll bouda (D:9)
  2 sleepcaps
  A jelly (D:5)
  4 iguanas
  6 orc wizards
  4 gnolls (D:9)
  8 adders
  2 ufetubi (D:6)
  A dart slug (D:4)
  2 ribbon worms
  39 orcs
  5 endoplasms
  A giant cockroach (D:3)
  5 goblins
  4 hobgoblins
  3 jackals (D:1)
  7 quokkas
  4 ball pythons
  2 bats
  A frilled lizard (D:2)
  12 kobolds
  2 rats
173 creatures vanquished.

Vanquished Creatures (others)
  Erolcha (D:10)
1 creature vanquished.

Grand Total: 174 creatures vanquished

Notes
Turn   | Place    | Note
-------+----------+-------------------------------------------
     0 | D:1      | mrw0lf the Troll Fighter began the quest for the Orb.
     0 | D:1      | Reached XP level 1. HP: 22/22 MP: 0/0
   129 | D:1      | Reached XP level 2. HP: 29/29 MP: 1/1
   825 | D:1      | You fall into a shaft and drop 1 floor!
   978 | D:2      | Reached skill level 3 in Unarmed Combat
  1151 | D:2      | Reached XP level 3. HP: 36/36 MP: 2/2
  1408 | D:3      | Reached XP level 4. HP: 21/45 MP: 3/3
  1857 | D:3      | Reached skill level 4 in Unarmed Combat
  2075 | D:3      | Found an ornate altar of the Wu Jian Council.
  2076 | D:3      | Found a white marble altar of Elyvilon.
  2080 | D:3      | Found an ancient bone altar of Kikubaaqudgha.
  2254 | D:4      | Noticed a phantom
  2266 | D:4      | Killed a phantom
  2267 | D:4      | Reached XP level 5. HP: 52/53 MP: 4/4
  2274 | D:4      | Reached skill level 5 in Unarmed Combat
  2290 | D:4      | Found a staircase to the Ecumenical Temple.
  2318 | Temple   | Entered the Ecumenical Temple
  2329 | Temple   | Became a worshipper of Warmaster Okawaru
  2621 | D:4      | Noticed an ogre
  2625 | D:4      | Killed an ogre
  2626 | D:4      | Reached XP level 6. HP: 49/62 MP: 5/5
  2661 | D:4      | Noticed a sky beast
  2669 | D:4      | Killed a sky beast
  2670 | D:4      | Reached skill level 6 in Unarmed Combat
  2850 | D:4      | Noticed an orc warrior
  2852 | D:4      | Found an opulent altar of Gozag.
  2870 | D:4      | Killed an orc warrior
  2870 | D:4      | Reached * piety under Okawaru
  2871 | D:4      | Reached XP level 7. HP: 20/71 MP: 6/6
  3429 | D:5      | Entered Level 5 of the Dungeon
  3474 | D:4      | Reached skill level 7 in Unarmed Combat
  3510 | D:5      | Found a transporter.
  3524 | D:5      | Noticed a troll
  3644 | D:5      | Killed a troll
  3644 | D:5      | Reached ** piety under Okawaru
  3645 | D:5      | Reached skill level 5 in Fighting
  3645 | D:5      | Reached skill level 8 in Unarmed Combat
  3645 | D:5      | Reached XP level 8. HP: 13/80 MP: 7/7
  3764 | D:5      | Found a transporter.
  3778 | D:5      | Noticed a two-headed ogre
  3827 | D:5      | Found a blossoming altar of Fedhas.
  4008 | D:5      | Found a radiant altar of Vehumet.
  4174 | D:6      | Noticed Jeremiah
  4305 | D:6      | Reached skill level 9 in Unarmed Combat
  4405 | D:6      | Reached *** piety under Okawaru
  4406 | D:6      | Reached skill level 1 in Invocations
  4436 | D:6      | Noticed Eustachio
  4449 | D:6      | Killed Eustachio
  4561 | D:6      | Found Dorejuaq's Gadget Gallery.
  4679 | D:7      | Reached XP level 9. HP: 83/89 MP: 9/9
  4756 | D:7      | Found a stormy altar of Qazlal.
  4791 | D:7      | Found a glowing silver altar of Zin.
  5724 | D:8      | Reached **** piety under Okawaru
  5976 | D:8      | Reached skill level 10 in Unarmed Combat
  6508 | D:8      | Found a roughly hewn altar of Beogh.
  6722 | D:9      | Noticed a two-headed ogre
  6728 | D:9      | Killed a two-headed ogre
  6728 | D:9      | Reached ***** piety under Okawaru
  6729 | D:9      | Reached skill level 11 in Unarmed Combat
  6729 | D:9      | Reached XP level 10. HP: 89/102 MP: 10/12
  6960 | D:9      | Found a runed translucent gate.
  6960 | D:9      | Found a runed translucent gate.
  6960 | D:9      | Found a runed translucent gate.
  6963 | D:9      | Noticed Sapher's ghost (amateur SpDe)
  6964 | D:9      | Identified the +1 plate armour of Hedge Wizardry {+Blink
                  | rPois Will+ Dex-4}
  7119 | D:9      | Reached skill level 1 in Throwing
  7130 | D:9      | Received a gift from Okawaru
  7136 | D:9      | Reached skill level 5 in Invocations
  7429 | D:9      | Found a roughly hewn altar of Beogh.
  7458 | D:10     | Entered Level 10 of the Dungeon
  7458 | D:10     | Noticed Erolcha
  7470 | D:10     | Killed Erolcha
  7540 | D:10     | Noticed a +4 demon blade
  7545 | D:10     | Noticed an arcanist
  7554 | D:10     | Noticed Harold
  7561 | D:10     | Killed an arcanist
  7564 | D:10     | Noticed a deep elf knight
  7567 | D:10     | Mangled by Harold

Illustrated notes

Levels and vault maps discovered:
D:1:      amcnicky_arrival_abandoned_market, layout_loops_corners,
          minmay_misc_feat_ornament
D:2:      layout_rooms
D:3:      layout_loops_corners, minitemple, serial_bayou, serial_bayou_crossing,
          serial_bayou_pond_d, serial_bayou_lagoon_b, serial_bayou_shore_a
D:4:      layout_cave_pods, kennysheep_little_box, minmay_temple_entry_wispy,
          hangedman_decor_diamond_cutter, guppyfry_early_orc_mine
D:5:      layout_basic, gammafunk_temple_overflow_arena, general_overflow_altar
D:6:      layout_rooms, nicolae_shop_gadgets, uniq_jeremiah, uniq_eustachio
D:7:      layout_basic, mainiacjoe_overflow_catch_the_wave
D:8:      layout_basic, special_room [special_room_orc]
D:9:      layout_basic, biasface_ghost_orc_armoury
D:10:     layout_big_octagon, nicolae_trove_entry_path_of_doom, sword_in_stone,
          uniq_amaemon, uniq_erolcha
Temple:   compressed_dpeg_circular_temple

Skill      XL: |  1  2  3  4  5  6  7  8  9 10 |
---------------+-------------------------------+-----
Unarmed Combat | 3 4 5 6 8 9 11 | 11.8
Fighting       | 3 4 5 6 7 |  7.4
Invocations    | 2 4 5 |  5.4
Throwing       | 2 |  2.2
Dodging        | 3 |  3.2
Shields        | |  2.6

Action                     |  1- 3 |  4- 6 |  7- 9 | 10-12 || total
---------------------------+-------+-------+-------+-------++-------
  Melee: Unarmed           |    83 |    91 |   287 |    87 ||   548
  Throw: Boomerang         |       |       |     1 |       ||     1
         Dart              |       |       |     1 |       ||     1
 Invoke: Heroism           |       |       |       |     2 ||     2
    Use: Potion            |       |       |       |     1 ||     1
   Stab: Sleeping          |       |     1 |       |       ||     1
 Armour: Robe              |    40 |    36 |   142 |       ||   218
         Steam dragon scal |       |       |    64 |    67 ||   131
  Dodge: Dodged            |    23 |    30 |   128 |    28 ||   209
  Block: Kite shield       |    14 |    28 |   112 |    40 ||   194

Table legend: (Time is in decaauts)
 A = Elapsed time spent in this place.
 B = Non-inter-level travel time spent in this place.
 C = Inter-level travel time spent in this place.
 D = Time resting spent in this place.
 E = Time spent auto-exploring this place.
 F = Levels seen in this place.
 G = Mean time per level.
                   A        B        C        D        E       F      G
               +--------+--------+--------+--------+--------+-----+--------+
         Total |   7547 |   6813 |    734 |    177 |   5364 |  11 |  686.1 |
       Dungeon |   7525 |   6811 |    714 |    177 |   5364 |  10 |  752.5 |
        Temple |     22 |      2 |     20 |      0 |      0 |   1 |   22.0 |
               +--------+--------+--------+--------+--------+-----+--------+

Top non-repeatable levels by time:
     D:4: 1092 daAuts
     D:8: 1057 daAuts
     D:1: 1023 daAuts
     D:7: 990 daAuts
     D:3: 945 daAuts
     D:9: 791 daAuts
     D:5: 689 daAuts
     D:2: 465 daAuts
     D:6: 414 daAuts
    D:10: 56 daAuts
  Temple: 22 daAuts
